 Dungeon Crawl Stone Soup version bcrawl-1.27.8b (webtiles) character file.

Game seed: 14106148485499884567

329240 LostNumber the Nimble (level 10, -1/69 HPs)
             Began as a Fairy Fighter on Nov 6, 2020.
             Slain by a basilisk (4 damage)
             ... while petrified by a basilisk
             ... on level 7 of the Dungeon.
             The game lasted 00:13:12 (7422 turns).

LostNumber the Nimble (Fairy Fighter)               Turns: 7422, Time: 00:13:13

Health: -1/69      AC:  6    Str: 14    XL:     10   Next: 47%
Magic:  0/21       EV:  3    Int: 12    God:
Gold:   358        SH:  0    Dex: 15    Spells: 9/9 levels left

rFire    . . .     SeeInvis .   C - +1 falchion (venom)
rCold    . . .     Gourm    .   b - +0 medium shield
rNeg     + + +     Faith    .   (armour unavailable)
rPois    ∞         Spirit   +   (no helmet)
rElec    .         Reflect  .   t - scarf {Spirit}
rCorr    .         Harm     .   (no gloves)
MR       +....                  (no boots)
Stlth    ..........             y - amulet of regeneration
HPRegen  0.21/turn              i - ring of positive energy
MPRegen  0.17/turn              m - ring of magical power

@: petrified, flying evasively
A: small, magic attunement, unstealthy, unfitting armour, able to fly, AC/SH +6
a: Stop Flying


You were on level 7 of the Dungeon.
You were not hungry.

You visited 1 branch of the dungeon, and saw 7 of its levels.

You collected 358 gold pieces.

Inventory:

Hand Weapons
 a - a +0 long sword
 p - a +2 falchion of holy wrath
   (You took it off an orc on level 5 of the Dungeon)
 C - a +1 falchion of venom (weapon)
   (You took it off an orc on level 4 of the Dungeon)
 E - a +4 falchion
   (You took it off a kobold on level 3 of the Dungeon)
Armour
 b - a +0 medium shield (worn)
 t - a scarf of spirit shield (worn)
   (You found it on level 6 of the Dungeon)
 A - a +0 pair of boots
   (You found it on level 6 of the Dungeon)
Jewellery
 i - a ring of positive energy (left hand)
   (You found it on level 1 of the Dungeon)
 m - a ring of magical power (right hand)
   (You found it on level 5 of the Dungeon)
 y - an amulet of regeneration (around neck)
   (You found it on level 6 of the Dungeon)
 D - an uncursed ring of poison resistance {unknown}
   (You found it on level 4 of the Dungeon)
 F - a cursed +3 amulet of reflection {unknown}
   (You found it on level 3 of the Dungeon)
Wands
 w - a wand of random effects (16)
   (You found it on level 6 of the Dungeon)
Scrolls
 d - 3 scrolls of identify {@r1}
 f - a scroll of blinking
 g - a scroll of remove curse {@r2}
 j - a scroll of enchant weapon {unknown}
 n - 2 scrolls of fog {unknown}
 o - 4 scrolls of amnesia {unknown}
 r - 2 scrolls of immolation {unknown}
 x - a scroll of fear {unknown}
 B - a scroll of magic mapping {unknown}
Potions
 c - 2 potions of might
 h - a potion of haste {@q3}
 k - 2 potions of mutation {!q}
 l - 2 potions of curing {@q1}
 q - a potion of heal wounds {unknown}
 z - a potion of magic {unknown}
Comestibles
 e - 14 rations {!d!d}
 s - 5 chunks of flesh


   Skills:
 + Level 6.7 Fighting
 * Level 8.2 Long Blades
 + Level 9.7 Dodging
 + Level 8.9 Shields


You had 9 spell levels left.
You didn't know any spells.
Your spell library contained the following spells:

 Spells                   Type           Power        Failure   Level  Hunger
 Beastly Appendage        Tmut           #.....       99%         1    None
 Corona                   Hex            #......      99%         1    None
 Ensorcelled Hibernation  Hex/Ice        #.....       100%        2    None
 Passwall                 Tmut/Erth      #.......     100%        2    None
 Sticks to Snakes         Tmut           #.......     100%        2    None
 Confuse                  Hex            #.......     100%        3    None
 Dazzling Orbs            Conj/Hex       #......      100%        3    None
 Spider Form              Tmut/Pois      #..          100%        3    None
 Tukima's Dance           Hex            #.......     100%        3    None
 Ice Form                 Ice/Tmut       #.......     100%        4    None
 Blade Hands              Tmut           #.........   100%        5    None


Dungeon Overview and Level Annotations

Branches:
Dungeon (7/12)             Temple (0/1) D:7            Lair (0/6) D:7

Altars:
Ashenzari
Cheibriados
Dithmenos
Fedhas
Hepliaklqana
Trog
Xom
Yredelemnul

Annotations:
D:3 exclusion: oklob plant, Ijyb
D:5 3 runed translucent doors, yrara's ghost, novice DsFi


Innate Abilities, Weirdness & Mutations

Your spells do not cause hunger and MP costs are reduced by 1.
Your bright wings attract enemies. (Stealth-)
You cannot fit into any form of body armour.
Your shimmering scales are hard and can block incoming attacks. (AC +6, SH +6)
You are small and have problems with some larger weapons.
You can fly continuously.


Message History

The yak gores you.
* * * LOW HITPOINT WARNING * * *
You feel a bit more experienced.
A crocodile comes into view.
The yak gores you.
* * * LOW HITPOINT WARNING * * *
The yak gores you!
* * * LOW HITPOINT WARNING * * *
The yak gores you!
* * * LOW HITPOINT WARNING * * *
The yak gores you.
* * * LOW HITPOINT WARNING * * *
The yak gores you but does no damage.
The crocodile puts on a burst of speed!
The yak gores you. x2
* * * LOW HITPOINT WARNING * * *
The yak gores you!!
* * * LOW HITPOINT WARNING * * *
The yak gores you!
* * * LOW HITPOINT WARNING * * *
The yak gores you.
* * * LOW HITPOINT WARNING * * *
The yak gores you but does no damage.
You turn to flesh and can move again.
As you read the scroll of teleportation {@r4}, it crumbles to dust.
You feel strangely unstable. The yak completely misses you.
You block the yak's attack. x2
Unknown command.
You block the yak's attack. The crocodile bites you.
* * * LOW HITPOINT WARNING * * *
Your surroundings suddenly seem different.
The basilisk hisses angrily.
Found a staircase to the Lair.
The basilisk gazes at you.
You easily resist.
Okay, then.
You start resting.
Eating one of 6 chunks of flesh.
You eat one of the 6 chunks of flesh.
The basilisk is too close now for your liking.
The basilisk gazes at you.
You are slowing down.
The basilisk gazes at you.
You easily resist.
Your limbs are stiffening.
You have turned to stone.
The basilisk hisses menacingly.
The basilisk bites you!
* * * LOW HITPOINT WARNING * * *
The basilisk bites you!
* * * LOW HITPOINT WARNING * * *
The basilisk bites you!
You die...

........PP. P.♣P..###.....##.
...♣....♣.......♣[..#.#.K......
....P.......♣........K.........
......P..♣...P...#...#K.......
........♣.....####.T#####....
#.........PP.. ##K.# ##...
##.#.P......#..#..#######..o
#...........#........#..o..#
##....#....l@......##..o....#
#.....##....#....T....<.T....
##........#####............##
##........# #.....##.......
#.........# ##.#......#....
###........# ######...##...
....###...# #/..# ### ##...#
##### #...# ##### #####


You could see a troll and a basilisk.

Vanquished Creatures
  A two-headed ogre (D:6)
  Pikel (D:5)
  A hippogriff (D:7)
  A spriggan (D:7)
  A hungry ghost (D:6)
  A steam dragon (D:6)
  A vampire mosquito (D:6)
  Menkaure (D:5)
  2 porcupines (D:7)
  2 sky beasts
  2 eyes of draining (D:3)
  An ice beast (D:5)
  Purgy (D:3)
  A phantom (D:5)
  3 slaves (D:5)
  3 ogres
  A centaur (D:6)
  2 big kobolds (D:7)
  3 bullfrogs
  Blork the orc (D:4)
  A water moccasin skeleton (D:6)
  5 scorpions
  4 crimson imps
  5 hounds
  7 orc wizards
  An orc priest (D:4)
  2 jellies (D:6)
  7 worker ants
  3 hound skeletons
  A gnoll (D:3)
  8 adders
  2 shadow imps
  3 oozes
  An adder skeleton (D:3)
  An adder zombie (D:3)
  3 worms
  2 dart slugs
  6 leopard geckos
  22 orcs
  2 ball pythons
  A bat (D:1)
  4 giant cockroaches
  2 gnoll zombies (D:5)
  13 hobgoblins
  10 jackals
  8 quokkas
  3 frilled lizards (D:1)
  4 goblins
  16 kobolds
  3 quokka skeletons
  10 rats
190 creatures vanquished.

Vanquished Creatures (others)
  A fungus (D:7)
  2 plants (D:7)
3 creatures vanquished.

Grand Total: 193 creatures vanquished

Notes
Turn   | Place    | Note
-------+----------+-------------------------------------------
     0 | D:1      | LostNumber the Fairy Fighter began the quest for the Orb.
     0 | D:1      | Reached XP level 1. HP: 15/15 MP: 3/3
   149 | D:1      | Reached XP level 2. HP: 9/20 MP: 4/4
   513 | D:1      | Reached XP level 3. HP: 25/25 MP: 5/5
   762 | D:2      | Found a shimmering altar of Xom.
   770 | D:2      | Found a shimmering altar of Xom.
   772 | D:2      | Found a shimmering altar of Xom.
   908 | D:2      | HP: 1/26 [hound (3)]
   920 | D:2      | Reached XP level 4. HP: 4/31 MP: 6/6
  1446 | D:2      | Found a shadowy altar of Dithmenos.
  1741 | D:2      | Reached XP level 5. HP: 16/36 MP: 7/7
  2023 | D:3      | Found a shattered altar of Ashenzari.
  2083 | D:3      | Reached skill level 5 in Dodging
  2139 | D:3      | Found a blossoming altar of Fedhas.
  2349 | D:3      | Noticed Ijyb
  2422 | D:4      | Reached XP level 6. HP: 42/42 MP: 8/8
  2696 | D:4      | Found a hazy altar of Hepliaklqana.
  2798 | D:5      | Entered Level 5 of the Dungeon
  2902 | D:5      | Reached skill level 5 in Shields
  3290 | D:5      | Reached XP level 7. HP: 47/47 MP: 9/9
  3405 | D:5      | Noticed Menkaure
  3410 | D:5      | Killed Menkaure
  3410 | D:5      | Reached skill level 6 in Dodging
  3415 | D:5      | Found a runed translucent gate.
  3415 | D:5      | Found a runed translucent gate.
  3415 | D:5      | Found a runed translucent gate.
  3417 | D:5      | Noticed yrara's ghost (novice DsFi)
  3784 | D:5      | Found a basalt altar of Yredelemnul.
  3843 | D:5      | Reached XP level 8. HP: 52/54 MP: 10/10
  3926 | D:5      | Noticed Pikel
  4037 | D:5      | Reached skill level 5 in Long Blades
  4062 | D:5      | Killed Pikel
  4062 | D:5      | Reached skill level 5 in Fighting
  4062 | D:5      | Reached skill level 7 in Dodging
  4589 | D:6      | Reached XP level 9. HP: 45/61 MP: 11/11
  4928 | D:6      | Reached skill level 8 in Dodging
  4964 | D:6      | Noticed a two-headed ogre
  5022 | D:4      | Noticed Blork the orc
  5035 | D:4      | Killed Blork the orc
  6088 | D:3      | Found a bloodstained altar of Trog.
  6170 | D:3      | Found a snail-covered altar of Cheibriados.
  6170 | D:3      | Noticed Purgy
  6177 | D:3      | Killed Purgy
  6403 | D:3      | Noticed an oklob plant
  6756 | D:6      | Killed a two-headed ogre
  6756 | D:6      | Reached skill level 9 in Dodging
  6756 | D:6      | Reached XP level 10. HP: 69/69 MP: 12/12
  7393 | D:7      | Found a staircase to the Ecumenical Temple.
  7402 | D:7      | HP: 3/69 [crocodile (4)]
  7403 | D:7      | Found a staircase to the Lair.
  7421 | D:7      | HP: 2/69 [basilisk (5)]
  7422 | D:7      | Slain by a basilisk

Skill      XL: |  1  2  3  4  5  6  7  8  9 10 |
---------------+-------------------------------+-----
Long Blades    | 2 3 4 6 7 8 |  8.2
Fighting       | 3 4 5 6 |  6.7
Shields        | 4 5 7 8 |  8.9
Dodging        | 5 6 7 9 |  9.7

Action                   |  1- 3 |  4- 6 |  7- 9 | 10-12 || total
-------------------------+-------+-------+-------+-------++-------
Melee: Long sword        |   119 |   322 |       |       ||   441
       Falchion          |       |    33 |   504 |   120 ||   657
  Use: Potion            |     1 |       |     2 |       ||     3
       Scroll            |       |     4 |     1 |     2 ||     7
  Eat: Chunk             |     3 |    21 |    25 |     6 ||    55
       Ration            |       |       |     1 |       ||     1
Armor: Skin              |    31 |    74 |    38 |    17 ||   160
Dodge: Dodged            |    37 |   122 |   148 |    51 ||   358
Block: Medium shield     |    96 |   317 |   418 |   132 ||   963
